 Dungeon Crawl Stone Soup version 0.17-a0-1430-g49fde19 (webtiles) character file.

542 tinkerttoy the Cudgeler (level 7, -3/76 HPs)
             Began as an Ogre Berserker on June 26, 2015.
             Was an Elder of Trog.
             Slain by a mummy (12 damage)
             ... in an ossuary.
             The game lasted 00:09:12 (3370 turns).

tinkerttoy the Cudgeler (Ogre Berserker)            Turns: 3370, Time: 00:09:12

Health: -3/76      AC:  6    Str: 23    XL:     7   Next: 27%
Magic:  7/7        EV: 11    Int:  6    God:    Trog [****..]
Gold:   190        SH:  0    Dex: 11    Spells: 0 memorised, 6 levels left

rFire  . . .     SeeInvis .     a - +0 great mace
rCold  . . .     Clarity  .     b - +0 animal skin
rNeg   . . .     SustAt   .     (no shield)
rPois  .         Gourm    .     (helmet restricted)
rElec  .         Spirit   .     f - +0 cloak
rCorr  +         Warding  .     (gloves unavailable)
rMut   .         Rnd*Tele +     (boots unavailable)
MR     .....                    r - amulet of resist corrosion
Stlth  +.........               (no ring)
                                m - ring of teleportation (curse)

@: marked, not resistant to hostile enchantments, very unstealthy
A: unfitting armour, yellow scales 1, blurry vision 1, tough skin 1, MP-powered
wands
a: Burn Spellbooks, Berserk, Trog's Hand, Brothers in Arms, Renounce Religion,
Evoke Teleportation


You were in an ossuary.
You worshipped Trog.
Trog was greatly pleased with you.
You were not hungry.

You visited 1 branch of the dungeon, and saw 5 of its levels.
You also visited: Ossuary.

You collected 190 gold pieces.

Inventory:

Hand weapons
 a - a +0 great mace (weapon)
Missiles
 u - 2 tomahawks (quivered)
Armour
 b - a +0 animal skin (worn)
 f - a +0 cloak (worn)
Jewellery
 m - a cursed ring of teleportation (left hand)
 r - an amulet of resist corrosion (around neck)
Magical devices
 l - a wand of frost (30)
 n - a wand of polymorph (11)
 o - a wand of magic darts (17)
 q - a wand of paralysis (13)
Scrolls
 e - a scroll of recharging
 p - 3 scrolls of identify
Potions
 d - 3 potions of might
Comestibles
 c - 3 bread rations
 h - 5 meat rations
 j - a beef jerky
 k - a slice of pizza


   Skills:
 + Level 6.3 Fighting
 * Level 7.9 Maces & Flails
 + Level 4.3 Dodging


You had 6 spell levels left.
You didn't know any spells.

Dungeon Overview and Level Annotations

Branches:
Dungeon (5/15)
 Temple: D:4-7

Altars:
Ashenzari
Cheibriados
Elyvilon
Makhleb


Innate Abilities, Weirdness & Mutations

You are too large for most types of armour.
You have tough skin (AC +1).
You are partially covered in yellow scales (AC +2).
Scrolls take you a little longer to read.
You expend magic power (3 MP) to strengthen your wands.


Message History

The mummy hits you.
* * * LOW HITPOINT WARNING * * *
There is an open door here.
Found a scroll of identify.
Found four items.
The mummy closely misses you.
You barely miss the mummy. You hit the mummy.
The mummy is lightly damaged.
The mummy barely misses you.
You bludgeon the mummy!!
You destroy the mummy!
You thump the mummy!
The mummy is almost destroyed.
The mummy hits you!
* * * LOW HITPOINT WARNING * * *
You completely miss the mummy.
The mummy is almost destroyed.
The mummy hits you!
You die...

### ###.###
##??!!.##
#!??.!?!# #.#
#@# ###M###
##..M..##
##.......##
#.........#
+....⌠....'..
#.........#..
##.......## .
##.....##


You could see 2 mummies.

Vanquished Creatures
  2 ogres (D:4)
  A hound (D:5)
  A centaur skeleton (D:4)
  A giant frog skeleton (D:5)
  An iguana (D:4)
  2 worker ants (D:5)
  An orc wizard (D:3)
  2 mummies (Ossuary)
  Robin (D:2)
  2 adders (D:2)
  3 worms
  2 giant geckos
  13 orcs
  A ball python (D:2)
  10 bats
  3 giant cockroaches
  21 goblins
  9 hobgoblins
  4 jackals (D:1)
  A quokka (D:4)
  4 giant newts
  A jackal zombie (D:5)
  5 kobolds
  2 quokka skeletons
  14 rats
107 creatures vanquished.

Notes
Turn   | Place    | Note
--------------------------------------------------------------
     0 | D:1      | tinkerttoy the Ogre Berserker began the quest for the Orb.
     0 | D:1      | Reached XP level 1. HP: 24/24 MP: 1/1
    89 | D:1      | Reached XP level 2. HP: 28/32 MP: 2/2
   579 | D:2      | Acquired Trog's second power
   579 | D:2      | Reached XP level 3. HP: 40/40 MP: 3/3
   604 | D:2      | Found a burning altar of Makhleb.
   604 | D:2      | Found a shattered altar of Ashenzari.
   961 | D:2      | Reached skill level 5 in Maces & Flails
  1016 | D:2      | Noticed Robin
  1025 | D:2      | Reached XP level 4. HP: 41/49 MP: 4/4
  1031 | D:2      | Killed Robin
  1650 | D:3      | Found a white marble altar of Elyvilon.
  1941 | D:3      | Reached skill level 5 in Fighting
  2051 | D:3      | Reached skill level 6 in Maces & Flails
  2051 | D:3      | Reached XP level 5. HP: 7/57 MP: 5/5
  2351 | D:4      | Gained mutation: You are partially covered in yellow scales (AC +2). [potion of mutation]
  2351 | D:4      | Gained mutation: Scrolls take you a little longer to read. [potion of mutation]
  2351 | D:4      | Gained mutation: You expend magic power (3 MP) to strengthen your wands. [potion of mutation]
  2480 | D:4      | Noticed an ogre
  2491 | D:4      | Killed an ogre
  2491 | D:4      | Reached XP level 6. HP: 67/67 MP: 6/6
  2812 | D:4      | Reached skill level 7 in Maces & Flails
  2904 | D:4      | Noticed an ogre
  2912 | D:4      | Killed an ogre
  3051 | D:5      | Entered Level 5 of the Dungeon
  3065 | D:5      | Found a snail-covered altar of Cheibriados.
  3102 | D:5      | Acquired Trog's third power
  3111 | D:5      | Reached XP level 7. HP: 43/75 MP: 7/7
  3320 | D:5      | Found a sand-covered staircase.
  3340 | Ossuary  | Entered an ossuary
  3370 | Ossuary  | Slain by a mummy

Vault maps used:
D:1:      dpeg_arrival_connections
D:2:      gammafunk_temple_overflow_wave, uniq_robin
D:3:      first_bread, grunt_decor_mini_mirrors, minmay_misc_feat_room,
          elyvilon_altar_5
D:5:      cheibrodos_worm_habitat, nicolae_overflow_hidden_temple,
          nicolae_ossuary_entry_plus
Ossuary:  ossuary_crypta

Action                   |  1- 3 |  4- 6 |  7- 9 || total
-------------------------+-------+-------+-------++-------
Melee: Mace              |    75 |       |       ||    75
       Flail             |    29 |   178 |       ||   207
       Unarmed           |     2 |     7 |       ||     9
       Great mace        |       |    12 |    20 ||    32
Invok: Berserk           |     1 |     2 |       ||     3
  Use: Scroll            |       |     6 |       ||     6
       Potion            |       |     4 |       ||     4
 Stab: Sleeping          |     1 |     3 |       ||     4
  Eat: Chunk             |       |    10 |     1 ||    11
